 Dungeon Crawl Stone Soup version 0.22-a0-38-gc6ec8ce517 (webtiles) character file.

144 Kaname the Conjurer (level 5, 17/36 HPs)
             Began as a Demonspawn Wizard on Jan 4, 2018.
             Quit the game on level 3 of the Dungeon.
             The game lasted 00:04:22 (1480 turns).

Kaname the Conjurer (Demonspawn Wizard)             Turns: 1480, Time: 00:04:23

Health: 17/36      AC:  7    Str:  7    XL:     5   Next: 5%
Magic:  3/9        EV: 11    Int: 21    God:
Gold:   127        SH:  0    Dex: 11    Spells: 1/10 levels left

rFire    + . .     SeeInvis .   o - +0 dagger (elec)
rCold    . . .     Gourm    .   (no shield)
rNeg     + . .     Faith    .   k - +0 leather armour {rF+}
rPois    .         Spirit   +   b - +0 hat
rElec    .         Reflect  .   (no cloak)
rCorr    .         Harm     .   (no gloves)
MR       .....                  l - +2 pair of boots
Stlth    ..........             (no amulet)
HPRegen  0.12/turn              h - ring of positive energy
MPRegen  0.11/turn              s - ring of loudness (curse)

@: no status effects
A: hooves 1, rugged brown scales 1, magic shield
a: no special abilities


You were on level 3 of the Dungeon.
You were not hungry.

You visited 1 branch of the dungeon, and saw 3 of its levels.

You collected 127 gold pieces.

Inventory:

Hand Weapons
 o - a +0 dagger of electrocution (weapon)
Missiles
 t - 17 arrows
Armour
 a - a +0 robe
 b - a +0 hat (worn)
 k - a +0 leather armour of fire resistance (worn)
 l - a +2 pair of boots (worn)
Jewellery
 h - a ring of positive energy (left hand)
 s - a cursed ring of loudness (right hand)
Scrolls
 f - 2 scrolls of identify {unknown}
 i - a scroll of enchant weapon {unknown}
 p - a scroll of remove curse {unknown}
 v - a scroll of random uselessness {unknown}
Potions
 c - a potion of might {unknown}
 e - 3 potions of agility {unknown}
 g - 2 potions of lignification {unknown}
 j - a potion of resistance {unknown}
 m - a potion of ambrosia {unknown}
 n - a potion of invisibility {unknown}
 q - a potion of cancellation {unknown}
 r - a potion of haste {unknown}
 u - a potion of brilliance {unknown}
 x - a potion of mutation {unknown}
Comestibles
 d - 3 rations
 w - 3 chunks of flesh


   Skills:
 - Level 1.7 Dodging
 - Level 1.7 Stealth
 - Level 3.0 Spellcasting
 + Level 4.7 Conjurations
   Level 1.0 Summonings
 - Level 1.0 Translocations
 - Level 1.1 Poison Magic


You had one spell level left.
You knew the following spells:

 Your Spells              Type           Power        Failure   Level  Hunger
a - Magic Dart            Conj           ###.         3%          1    None
b - Blink                 Tloc           N/A          21%         2    ##.....
c - Mephitic Cloud        Conj/Pois/Air  ##......     26%         3    ###....
d - Conjure Flame         Conj/Fire      ##......     22%         3    ###....


Dungeon Overview and Level Annotations

Branches:
Dungeon (3/15)

Altars:
Qazlal


Innate Abilities, Weirdness & Mutations

You have large cloven feet.
You are partially covered in rugged brown scales. (AC +1, +3% HP)
When hurt, damage is shared between your health and your magic reserves.


Message History

You hit the bullfrog.
The bullfrog is heavily wounded.
The bullfrog closely misses you.
You closely miss the bullfrog.
The bullfrog is heavily wounded.
The bullfrog hits you but does no damage.
The bullfrog hits you.
Your leather armour prevents you from hitting the bullfrog.
The bullfrog is heavily wounded.
The bullfrog closely misses you.
You hit the bullfrog but do no damage. Lightning courses through the bullfrog!
The bullfrog is almost dead.
The bullfrog hits you. x2
You hit the bullfrog. Lightning courses through the bullfrog!
You kill the bullfrog!
Your Conjurations skill increases to level 4!
You have reached level 5!
Your demonic ancestry asserts itself...
Rugged brown scales grow over part of your body.
Are you sure you want to abandon this character and quit the game? (Confirm with "yes".)

#...........#
#...........### ###...
#.............. .....
#####.......#######....
......................
......................
#####.......##..###.# .
#####.......###.###.##....
.......####..[..@†........
.......# #....####......!
.......# #....# .......
.......# #....# .......
.......# #.#### ###....
.......# #. .... .......#
# ... ####.### .. .......#


There were no monsters in sight!

Vanquished Creatures
  A bullfrog (D:3)
  3 adders
  2 oozes (D:3)
  3 worms
  3 dart slugs (D:1)
  A leopard gecko (D:3)
  9 bats
  A giant cockroach (D:3)
  2 goblins (D:1)
  4 hobgoblins
  A ball python (D:3)
  3 frilled lizards
  6 kobolds
  5 rats
44 creatures vanquished.

Notes
Turn   | Place    | Note
-------+----------+-------------------------------------------
     0 | D:1      | Kaname the Demonspawn Wizard began the quest for the Orb.
     0 | D:1      | Reached XP level 1. HP: 13/13 MP: 4/4
   133 | D:1      | Reached skill level 2 in Conjurations
   264 | D:1      | Gained mutation: When hurt, damage is shared between your health and your magic reserves. [demonic ancestry]
   264 | D:1      | Reached XP level 2. HP: 19/19 MP: 3/6
   697 | D:2      | Reached skill level 3 in Conjurations
   697 | D:2      | Gained mutation: You have large cloven feet. [demonic ancestry]
   697 | D:2      | Reached XP level 3. HP: 19/24 MP: 2/7
   701 | D:2      | Learned a level 2 spell: Blink
   705 | D:2      | Learned a level 3 spell: Mephitic Cloud
   739 | D:2      | Reached skill level 1 in Translocations
   934 | D:2      | Reached skill level 1 in Poison Magic
  1316 | D:3      | Found a stormy altar of Qazlal.
  1349 | D:3      | Reached XP level 4. HP: 28/30 MP: 1/8
  1354 | D:3      | Learned a level 3 spell: Conjure Flame
  1464 | D:3      | Noticed a bullfrog
  1479 | D:3      | Killed a bullfrog
  1479 | D:3      | Reached skill level 4 in Conjurations
  1479 | D:3      | Gained mutation: You are partially covered in rugged brown scales. (AC +1, +3% HP) [demonic ancestry]
  1479 | D:3      | Reached XP level 5. HP: 17/36 MP: 3/9
  1480 | D:3      | Quit the game

Vault maps used:
D:1:      onia_arrival_pentagram
D:3:      overflow_temple_1_default, minivault_24

Skill      XL: |  1  2  3  4 |
---------------+-------------+-----
Conjurations   | 2 3 4 |  4.7
Translocations | 1 |  1.0
Poison Magic   | 1 |  1.1
Dodging        | |  1.7
Stealth        | |  1.7
Spellcasting   | |  3.0
Summonings     | |  1.0

Action                   |  1- 3 |  4- 6 || total
-------------------------+-------+-------++-------
Melee: Unarmed           |    22 |       ||    22
       Dagger            |    37 |    21 ||    58
 Cast: Magic Dart        |    70 |     9 ||    79
  Eat: Chunk             |     1 |     1 ||     2
Armor: Robe              |     1 |       ||     1
       Leather armour    |    30 |    13 ||    43
Dodge: Dodged            |    40 |    25 ||    65

Table legend:
 A = Spawn XP
 B = Non-spawn XP
 C = Spawn XP percentage of total XP
 D = Spawn monster count
 E = Non-spawn monster count
 F = Spawn count percentage of total count
 G = Total turns spent on level
                    A         B        C        D         E        F      G
               +---------+---------+-------+---------+---------+-------+---------
         Total |       0 |     207 |   0.0 |       0 |      44 |   0.0 |  1480
               +---------+---------+-------+---------+---------+-------+---------
           D:1 |       0 |      33 |   0.0 |       0 |      18 |   0.0 |   595
           D:2 |       0 |      49 |   0.0 |       0 |      13 |   0.0 |   666
           D:3 |       0 |     125 |   0.0 |       0 |      13 |   0.0 |   219
               +---------+---------+-------+---------+---------+-------+---------
